 Dungeon Crawl Stone Soup version 0.21-a0-264-g3e31e41 (webtiles) character file.

7 Malachi the Insei (level 2, -2/21 HPs)
             Began as a Gnoll Transmuter on Sept 9, 2017.
             Slain by an adder (3 damage)
             ... on level 2 of the Dungeon.
             The game lasted 00:01:52 (564 turns).

Malachi the Insei (Gnoll Transmuter)                 Turns: 564, Time: 00:01:52

Health: -2/21      AC:  3    Str:  7    XL:     2   Next: 0%
Magic:  6/6        EV: 12    Int:  7    God:
Gold:   37         SH:  0    Dex:  7    Spells: 6/7 levels left

rFire    . . .     SeeInvis .     - Unarmed
rCold    . . .     Gourm    .   (no shield)
rNeg     . . .     Faith    .   b - +0 robe
rPois    .         Spirit   .   (no helmet)
rElec    .         Reflect  .   (no cloak)
rCorr    .         Harm     .   (no gloves)
MR       .....                  (boots currently unavailable)
Stlth    ++........             (no amulet)
HPRegen  0.07/turn              h - ring of stealth
MPRegen  0.10/turn              (no ring)

@: lethally poisoned (-2 -> -13), appendage (expiring)
A: unchanging attributes, fangs 2, talons 3, rugged brown scales 1, sturdy frame
2, strong nose
a: End Transformation


You were on level 2 of the Dungeon.
You were not hungry.
You had grown temporary talons.
You visited 1 branch of the dungeon, and saw 2 of its levels.

You collected 37 gold pieces.

Inventory:

Missiles
 a - 12 arrows
Armour
 b - a +0 robe (worn)
Jewellery
 h - a ring of stealth (left hand)
Scrolls
 e - a scroll of recharging {unknown}
Books
 c - a book of Changes

   Spells                             Type                      Level
   a - Beastly Appendage              Transmutation                1
   b - Sticks to Snakes               Transmutation                2
   c - Spider Form                    Transmutation/Poison         3
   d - Ice Form                       Ice/Transmutation            4
   e - Blade Hands                    Transmutation                5
Comestibles
 d - a bread ration
 g - a meat ration
 i - a royal jelly
 j - 4 fruits


   Skills:
 + Level 1.3 Fighting
 + Level 2.8 Dodging
 + Level 4.4 Unarmed Combat
 + Level 3.1 Spellcasting
 + Level 2.8 Transmutations


You had 6 spell levels left.
You knew the following spells:

 Your Spells              Type           Power        Failure   Level  Hunger
a - Beastly Appendage     Tmut           #.....       11%         1    ##.....


Dungeon Overview and Level Annotations

Branches:
Dungeon (2/15)

Altars:


Innate Abilities, Weirdness & Mutations

Your physical attributes are unchanging.
You have extremely sharp teeth.
Your uncanny sense of smell can sniff out nearby items.
You have claws for feet.
You are partially covered in rugged brown scales. (AC +1, +3% HP)
Your movements are less encumbered by armour. (ER -4)


Message History

Rugged brown scales grow over part of your body.
Your teeth lengthen and sharpen some more.
You feel less encumbered by your armour.
* * * LOW HITPOINT WARNING * * *
You feel sick. The adder misses you.
You barely miss the adder. Your bite misses the adder.
The adder is heavily wounded.
* * * LOW HITPOINT WARNING * * *
You feel sick. The adder barely misses you.
The giant cockroach bites you but does no damage.
The adder closely misses you.
You closely miss the adder.
The adder is heavily wounded.
* * * LOW HITPOINT WARNING * * *
You feel sick. The giant cockroach barely misses you.
The adder barely misses you.
You miss the adder.
The adder is heavily wounded.
The giant cockroach closely misses you. The adder bites you.
You die...

#########
#.......#
#.......#
.######.......#
......S.?.....#
#.###@......##
#...s.........
.....##.........
#### #.......#.
#######.......#
.......<....>.#
######.##.#####
#. ... .. ....#


You could see an adder and a giant cockroach.

Vanquished Creatures
  A bat (D:1)
  A frilled lizard (D:1)
  3 goblins (D:1)
  A kobold (D:1)
  2 rats (D:1)
8 creatures vanquished.

Notes
Turn   | Place    | Note
-------+----------+-------------------------------------------
     0 | D:1      | Malachi the Gnoll Transmuter began the quest for the Orb.
     0 | D:1      | Reached XP level 1. HP: 15/15 MP: 4/4
   486 | D:1      | Reached XP level 2. HP: 17/21 MP: 6/6
   561 | D:2      | Gained mutation: Your movements are slightly less encumbered by armour. (ER -2) [potion of mutation]
   561 | D:2      | Gained mutation: You are partially covered in rugged brown scales. (AC +1, +3% HP) [potion of mutation]
   561 | D:2      | Gained mutation: You have extremely sharp teeth. [potion of mutation]
   561 | D:2      | Gained mutation: Your movements are less encumbered by armour. (ER -4) [potion of mutation]
   563 | D:2      | HP: 1/21 [poisoned by an adder]
   564 | D:2      | Slain by an adder

Vault maps used:
D:1:      evilmike_arrival_rings
D:2:      lemuel_crystal_altar, first_bread, uniq_natasha

Action                   || total
-------------------------++-------
Melee: Unarmed           ||    41
       Bite              ||     1
       Kick              ||     1
 Cast: Beastly Appendage ||     3
  Use: Potion            ||     1
Armor: Robe              ||     9
Dodge: Dodged            ||    26

Table legend:
 A = Spawn XP
 B = Non-spawn XP
 C = Spawn XP percentage of total XP
 D = Spawn monster count
 E = Non-spawn monster count
 F = Spawn count percentage of total count
 G = Total turns spent on level
                    A         B        C        D         E        F      G
               +---------+---------+-------+---------+---------+-------+---------
         Total |       0 |      10 |   0.0 |       0 |       8 |   0.0 |   564
               +---------+---------+-------+---------+---------+-------+---------
           D:1 |       0 |      10 |   0.0 |       0 |       8 |   0.0 |   544
               +---------+---------+-------+---------+---------+-------+---------
